 Dungeon Crawl Stone Soup version 0.28-a0-612-gcfc00ec14d (webtiles) character file.

Game seed: 8093343185154179087

410 porpoise the Magician (level 6, -15/32 HPs)
             Began as a Deep Elf Conjurer on Oct 6, 2021.
             Was an Initiate of Vehumet.
             Blown up by a centaur (24 damage)
             ... with a mindburst bolt
             ... on level 4 of the Dungeon.
             The game lasted 00:09:33 (5034 turns).

porpoise the Magician (Deep Elf Conjurer)           Turns: 5034, Time: 00:09:34

Health: -15/32     AC:  7    Str:  5    XL:     6   Next: 58%
Magic:  7/18       EV: 12    Int: 24    God:    Vehumet [......]
Gold:   205        SH:  0    Dex: 13    Spells: 8/19 levels left

rFire   . . .      SeeInvis +   b - +0 hunting sling
rCold   . . .      Faith    .   (no shield)
rNeg    . . .      Spirit   .   n - +0 robe
rPois   .          Reflect  .   (no helmet)
rElec   .          Harm     .   (no cloak)
rCorr   .          Rampage  .   (no gloves)
Will    .....                   e - +0 pair of boots
Stlth   ++........              (no amulet)
HPRegen 0.10/turn               o - +4 ring of protection
MPRegen 0.16/turn               q - ring of see invisible

@: no status effects
A: no striking features
a: Renounce Religion


You were on level 4 of the Dungeon.
You worshipped Vehumet.
Vehumet was noncommittal.
You visited 2 branches of the dungeon, and saw 5 of its levels.

You collected 205 gold pieces.

Inventory:

Hand Weapons
 a - a +0 dagger
 b - a +0 hunting sling (weapon)
Missiles
 c - 7 boomerangs
 d - 19 sling bullets (quivered ammo)
 f - 50 stones
 p - a throwing net
Armour
 e - a +0 pair of boots (worn)
 n - a +0 robe (worn)
Jewellery
 o - a +4 ring of protection (left hand)
 q - a ring of see invisible (right hand)
Scrolls
 h - 5 scrolls of identify
 k - a scroll of fear {unknown}
 l - a scroll of teleportation {unknown}
 r - a scroll of enchant armour {unknown}
Potions
 g - a potion of heal wounds
 i - 3 potions of curing
 j - 2 potions of brilliance
 m - a potion of mutation {unknown}


   Skills:
 - Level 2.4 Dodging
 - Level 2.4 Stealth
 - Level 7.0 Spellcasting
 - Level 6.0 Conjurations
 + Level 3.6 Hexes
 + Level 0.0 Translocations


You had 8 spell levels left.
You knew the following spells:

 Your Spells              Type           Power      Damage    Failure   Level
a - Magic Dart            Conj           100%       1d8       1%          1
b - Searing Ray           Conj           74%        2d7       1%          2
c - Fulminant Prism       Conj/Hex       15%        3d11      10%         4
d - Iskenderun's Mystic   Conj/Tloc      23%        2d6       21%         4

Your spell library contained the following spells:

 Spells                   Type           Power      Damage    Failure   Level
 Dazzling Flash           Conj/Hex       62%        N/A       3%          3


Dungeon Overview and Level Annotations

Branches:
Dungeon (4/15)             Temple (1/1) D:4

Altars:
Ashenzari
Cheibriados
Elyvilon
Hepliaklqana
Kikubaaqudgha
Makhleb
Qazlal
Sif Muna
Trog
Uskayaw
Vehumet
Xom
Yredelemnul

Annotations:
D:3 3 runed translucent doors, CowFu's ghost, amateur OgBe


Message History

The dart slug is severely wounded. (Press . to maintain the ray.)
The dart slug launches a dart at you. The slug dart misses you.
The searing ray hits the dart slug!
You kill the dart slug!
Vehumet accepts your kill.
You start resting.
An endoplasm comes into view.
Casting: Searing Ray (safe; 1% risk of failure)
Confirm with . or Enter, or press ? or * to list all spells.
Aiming: Searing Ray (safe; 1% risk of failure)
Press: ? - help, Shift-Dir - straight line, f - endoplasm
Aim: an endoplasm (wandering, hasn't noticed you, 98% to hit)
The searing ray hits the endoplasm!
You kill the endoplasm!
Vehumet accepts your kill. (Press . to maintain the ray.)
You start resting.
A centaur comes into view. It is carrying a wand of mindburst (3).
Casting: Searing Ray (safe; 1% risk of failure)
Confirm with . or Enter, or press ? or * to list all spells.
Aiming: Searing Ray (safe; 1% risk of failure)
Press: ? - help, Shift-Dir - straight line, f - centaur
Aim: a centaur, quivering arrows and carrying a wand of mindburst (3) (wandering, hasn't noticed you, 88% to hit)
The searing ray hits the centaur.
The centaur is lightly wounded.
The centaur shouts! (Press . to maintain the ray.)
The centaur wields a +0 shortbow.
The centaur shoots an arrow.
The arrow hits you!
The searing ray hits the centaur!
The centaur is heavily wounded.
The centaur zaps a wand.
Your mind is blasted!
* * * LOW HITPOINT WARNING * * *
The searing ray hits the centaur.
The centaur is almost dead.
The centaur zaps a wand.
Your mind is blasted!
Ouch! That really hurt!
You die...

..#..$ #. ..#.$. #.
##+###[.)... ##+#.
#.....g...## #....
#.........w. +....
#........... #....
#..........# #....
###)############# #....
#..c..@..#.....# #....
#........+.....# #....
#..##...##.....# #....
#..##...##....# #....
#####...##....## #####
#..............# ...#..
#..............#....#..
#..............#....#..
#######.##.##'##..# #..


You could see a centaur.

Vanquished Creatures
  A sky beast (D:3)
  An ogre (D:3)
  An orc priest (D:3)
  A centaur skeleton (D:4)
  An iguana (D:4)
  3 gnolls (D:4)
  3 adders
  An adder skeleton (D:4)
  3 dart slugs
  A worm (D:3)
  8 orcs
  5 bats
  5 endoplasms
  4 giant cockroaches
  8 goblins
  8 hobgoblins
  A jackal (D:4)
  3 quokkas
  5 ball pythons
  3 frilled lizards
  4 kobolds
  4 rats
74 creatures vanquished.

Vanquished Creatures (others)
  2 fungi (D:3)
  2 plants (D:3)
4 creatures vanquished.

Grand Total: 78 creatures vanquished

Notes
Turn   | Place    | Note
-------+----------+-------------------------------------------
     0 | D:1      | porpoise the Deep Elf Conjurer began the quest for the Orb.
     0 | D:1      | Reached XP level 1. HP: 10/10 MP: 6/6
   142 | D:1      | Found a faded altar of an unknown god.
   197 | D:1      | Reached XP level 2. HP: 15/15 MP: 3/8
   243 | D:1      | Learned a level 2 spell: Searing Ray
  1185 | D:2      | Reached skill level 4 in Spellcasting
  1829 | D:3      | Reached skill level 5 in Conjurations
  1829 | D:3      | Reached XP level 3. HP: 19/19 MP: 6/10
  2747 | D:3      | Reached XP level 4. HP: 24/24 MP: 7/12
  2849 | D:3      | Reached skill level 5 in Spellcasting
  2869 | D:3      | Found a runed translucent gate.
  2869 | D:3      | Found a runed translucent gate.
  2869 | D:3      | Found a runed translucent gate.
  2870 | D:3      | Noticed CowFu's ghost (amateur OgBe)
  2871 | D:3      | Noticed a kobold brigand
  2915 | D:3      | Noticed an ogre
  2919 | D:3      | Killed an ogre
  2920 | D:3      | Reached XP level 5. HP: 4/28 MP: 9/15
  2964 | D:3      | Learned a level 4 spell: Fulminant Prism
  2969 | D:3      | Learned a level 4 spell: Iskenderun's Mystic Blast
  3650 | D:3      | Noticed a sky beast
  3657 | D:3      | Killed a sky beast
  3658 | D:3      | Reached skill level 6 in Spellcasting
  3658 | D:3      | Reached XP level 6. HP: 32/32 MP: 11/17
  4272 | D:4      | Found a staircase to the Ecumenical Temple.
  4278 | Temple   | Entered the Ecumenical Temple
  4519 | D:4      | Found a stormy altar of Qazlal.
  4555 | D:4      | Found a broken altar of Ashenzari.
  4672 | D:4      | Found a radiant altar of Vehumet.
  4793 | D:4      | Became a worshipper of Vehumet
  4988 | D:4      | Reached skill level 7 in Spellcasting
  5034 | D:4      | Blown up by a centaur

Illustrated notes

Levels and vault maps discovered:
D:1:      dpeg_arrival_short_road, layout_basic,
          hellmonk_ecumenical_altar_prayer_group,
          chequers_serial_rivers_small_3, minmay_misc_feat_room
D:2:      layout_loops_corners
D:3:      layout_basic, gammafunk_ghost_nasty_kobolds,
          minmay_fractal_squares_gapless_5
D:4:      layout_gridville, grunt_temple_overflow_open,
          minmay_temple_entry_sparse_star, minmay_bent
Temple:   compressed_dpeg_circular_temple

Skill      XL: |  1  2  3  4  5  6 |
---------------+-------------------+-----
Spellcasting   | 4 5 6 7 |  7.0
Conjurations   | 5 6 |  6.0
Hexes          | 2 3 |  3.6
Dodging        | |  2.4
Stealth        | |  2.4

Action                   |  1- 3 |  4- 6 || total
-------------------------+-------+-------++-------
 Fire: Hunting sling     |       |    12 ||    12
 Cast: Magic Dart        |    47 |     9 ||    56
       Searing Ray       |     7 |    26 ||    33
  Use: Scroll            |     3 |       ||     3
Armor: Robe              |       |     3 ||     3
Dodge: Dodged            |     2 |     3 ||     5

Table legend: (Time is in decaauts)
 A = Elapsed time spent in this place.
 B = Non-inter-level travel time spent in this place.
 C = Inter-level travel time spent in this place.
 D = Time resting spent in this place.
 E = Time spent auto-exploring this place.
 F = Levels seen in this place.
 G = Mean time per level.
                   A        B        C        D        E       F      G
               +--------+--------+--------+--------+--------+-----+--------+
         Total |   5039 |   4955 |     84 |   1864 |   2545 |   5 | 1007.8 |
       Dungeon |   4949 |   4880 |     69 |   1864 |   2480 |   4 | 1237.2 |
        Temple |     89 |     74 |     15 |      0 |     65 |   1 |   89.0 |
               +--------+--------+--------+--------+--------+-----+--------+

Top non-repeatable levels by time:
     D:3: 2187 daAuts
     D:4: 970 daAuts
     D:1: 938 daAuts
     D:2: 852 daAuts
  Temple: 89 daAuts
